 Dungeon Crawl Stone Soup version 0.26-a0-651-gb41185065b (webtiles) character file.

Game seed: 7873621549420998149

(classic levelgen) 272497 EnegeticOcto the Champion of Chaos (level 19, -6/184 HPs)
             Began as a Deep Dwarf Fighter on Oct 17, 2020.
             Was the Champion of Makhleb.
             Mangled by a deep troll (38 damage)
             ... on level 4 of the Depths.
             The game lasted 00:16:02 (18586 turns).

EnegeticOcto the Champion of Chaos (DDFi)          Turns: 18586, Time: 00:16:02

Health: -6/184     AC:  0    Str: 28    XL:     19   Next: 48%
Magic:  23/23 (14) EV:  8    Int:  9    God:    Makhleb [******]
Gold:   511        SH: 20    Dex:  7    Spells: 18/18 levels left

rFire    + + .     SeeInvis .   M - +8 mithril axe "Arga" {speed, MR+}
rCold    + + .     Faith    .   c - +1 kite shield
rNeg     + . .     Spirit   .   O - +0 gold dragon scales
rPois    +         Reflect  +   h - +1 helmet of the Cockroach {Rampage}
rElec    .         Harm     .   y - +2 cloak {rPois}
rCorr    .         Rampage  +   x - +2 pair of gloves
MR       +++..                  F - +2 pair of boots
Stlth    ..........             H - amulet of reflection
HPRegen  0.00/turn              k - +4 ring of slaying
MPRegen  0.18/turn              o - ring of the Burgomaster {+Blink rF+ rC+ MP+9 Dex-5}

@: corroded, non-regenerating
A: damage resistance, heal wounds, negative energy resistance 1, sense
surroundings 3, no regeneration
}: 2/15 runes: decaying, serpentine
a: Heal Wounds, Minor Destruction, Lesser Servant of Makhleb, Major Destruction,
Greater Servant of Makhleb, Renounce Religion, Evoke Blink


You were on level 4 of the Depths.
You worshipped Makhleb.
Makhleb was exalted by your worship.
You visited 7 branches of the dungeon, and saw 34 of its levels.

You collected 2167 gold pieces.
You spent 1656 gold pieces at shops.

Inventory:

Hand Weapons
 a - a +1 broad axe of electrocution
 M - the +8 mithril axe "Arga" (weapon) {speed, MR+}
   (You bought it in a shop on level 13 of the Dungeon)

   Attacks with this weapon are significantly faster.
   It affects your resistance to hostile enchantments.
Missiles
 s - a throwing net (quivered)
Armour
 c - a +1 kite shield (worn)
 h - the +1 helmet of the Cockroach (worn) {Rampage}
   (You found it on level 7 of the Dungeon)

   It bestows one free step when moving towards enemies.
 q - the +1 helmet of the Doldrums {Harm +Blink Str+2 Dex+4}
   (You bought it in a shop on level 7 of the Dungeon)

   It affects your strength (+2).
   It affects your dexterity (+4).
   It lets you blink.
   It increases damage dealt and taken.
 v - a +0 plate armour
 x - a +2 pair of gloves (worn)
 y - a +2 cloak of poison resistance (worn)
 F - a +2 pair of boots (worn)
 O - +0 gold dragon scales (worn)
Jewellery
 k - a +4 ring of slaying (left hand)
 o - the ring of the Burgomaster (right hand) {+Blink rF+ rC+ MP+9 Dex-5}
   (You bought it in a shop on level 8 of the Dungeon)

   [ring of magical power]

   It affects your dexterity (-5).
   It protects you from fire.
   It protects you from cold.
   It affects your magic capacity (+9).
   It lets you blink.
 r - an uncursed amulet of the acrobat {unknown}
 H - an amulet of reflection (around neck)
 K - an uncursed ring of wizardry
Wands
 i - a wand of disintegration (10)
 j - a wand of acid (11) {@v1}
 t - a wand of digging (18) {@v3}
 w - a wand of iceblast (27) {@v2}
 C - a wand of paralysis (18)
 G - a wand of polymorph (11)
Scrolls
 b - 7 scrolls of blinking
 e - 8 scrolls of teleportation {@r3}
 f - 8 scrolls of remove curse {@r2}
 l - 6 scrolls of fear
 n - 4 scrolls of fog
 A - 2 scrolls of summoning
 I - a scroll of enchant weapon
 Q - 2 scrolls of magic mapping {@r5}
Potions
 d - 4 potions of might {@q3}
 g - 5 potions of heal wounds {@q2}
 m - 8 potions of curing {@q1}
 p - 2 potions of invisibility
 u - 3 potions of ambrosia
 z - a potion of mutation
 D - 6 potions of haste {@q4}
 E - 2 potions of berserk rage
 J - a potion of resistance {@q5}
 L - a potion of magic {unknown}
 N - a potion of flight
Miscellaneous
 B - a tin of tremorstones (3/3)


   Skills:
 + Level 14.8 Fighting
 - Level 18.0 Axes
 + Level 17.3 Armour
 - Level 4.7 Dodging
 - Level 15.0 Shields
 + Level 19.0 Invocations
 - Level 10.0 Evocations


You had 18 spell levels left.
You didn't know any spells.
Your spell library was empty.

Dungeon Overview and Level Annotations

Branches:
Dungeon (15/15)            Temple (1/1) D:7            Lair (3/6) D:8
  Swamp (4/4) Lair:2        Snake (4/4) Lair:3          Orc (2/2) D:10
    Elf (0/3) Orc:2        Vaults (0/5) D:13         Depths (5/5) D:15
    Zot (0/5) Depths:5

Altars:
Ashenzari
Cheibriados
Dithmenos
Elyvilon
Fedhas
Gozag
Hepliaklqana
Kikubaaqudgha
Makhleb
Nemelex Xobeh
Okawaru
Qazlal
Ru
Sif Muna
Trog
Uskayaw
Vehumet
Wu Jian
Xom
Yredelemnul
Zin
The Shining One

Shops:
D:7 [*   D:8 *   D:12 **   D:13 (   Orc:2 [:[=   Snake:3 ?

Portals:
Hell: Depths:3 Depths:4
Ziggurat: Depths:1

Annotations:
D:12 2 runed translucent doors
Snake:2 1 exclusion
Depths:4 Vevoth Taqom's ghost, adept SpEn


Innate Abilities, Weirdness & Mutations

You are resistant to damage.
You can heal yourself by infusing magical energy.
You resist negative energy. (rN+)
You passively map a large area around you.
You do not regenerate.


Message History

You slash the acid blob!
Your hands burn!
You block the acid blob's attack.
You slice the acid blob!!
You kill the acid blob!
Makhleb accepts your kill.
You feel better.
Your Invocations skill increases to level 19!
You hit the acid blob.
Your hands burn!
The acid blob hits you!!! The acid corrodes you!
You are splashed with acid!
You hit the acid blob but do no damage.
Your hands burn!
The acid blob is heavily wounded.
An ooze comes into view.
Your unstable footing causes you to fumble your attack.
The acid blob spits acid at you. The splash of acid hits you!
The acid corrodes you!
You are splashed with acid!
There are monsters nearby!
There are monsters nearby!
There are monsters nearby!
Your unstable footing causes you to fumble your attack.
You block the ooze's attack.
A great orb of eyes comes into view.
The acid blob hits you!! The acid corrodes you!
You are splashed with acid!
Items here: ) ? [[ †.
Okay, then.
As you read the scroll of teleportation {@r3}, it crumbles to dust.
You feel strangely unstable. You block the slime creature's attack.
The acid blob spits acid at you.
The splash of acid reflects off an invisible shield around you!
The splash of acid hits the acid blob.
The acid blob completely resists.
A flayed ghost comes into view.
The acid blob spits acid at you. The splash of acid hits you!
You are splashed with acid!
You see here a +0 battleaxe of freezing.
Your magical essence is drained by the effort!
You feel much better.
Your surroundings suddenly seem different.
Found 10 poisoned darts.
A deep troll comes into view.
Your magical essence is drained by the effort!
You feel much better.
You rampage towards the deep troll!
An iron troll comes into view.
The iron troll shouts!
You hear a shout!
A deep troll shaman comes into view.
You rampage towards the deep troll!
You closely miss the deep troll.
The frost giant shouts!
The Ice Fiend roars!
You hear a deafening roar!
The deep troll bites you! You block the deep troll's attack. x2
You hear a shout! x2
Vevoth Taqom's ghost turns its malevolent gaze towards you.
You hit the deep troll but do no damage.
You hear a shout! x2
You hit the deep troll but do no damage.
You block the deep troll's attack. x2; The deep troll claws you!
You slash the deep troll!
The deep troll is moderately wounded.
You hit the deep troll.
The deep troll is moderately wounded.
The deep troll bites you! You block the deep troll's attack. x2
You are too injured to fight recklessly!
You are too injured to fight recklessly!
You are too injured to fight recklessly!
You are too injured to fight recklessly!
You are too injured to fight recklessly!
You are too injured to fight recklessly!
You are too injured to fight recklessly!
You are too injured to fight recklessly!
You are too injured to fight recklessly!
You are too injured to fight recklessly!
You are too injured to fight recklessly!
You are too injured to fight recklessly!
You are too injured to fight recklessly!
You are too injured to fight recklessly!
You are too injured to fight recklessly!
You are too injured to fight recklessly!
You are too injured to fight recklessly!
You are too injured to fight recklessly!
You are too injured to fight recklessly!
You are too injured to fight recklessly!
You see here 10 poisoned darts.
Found a gateway to Hell.
The deep troll shaman calls upon its god to strengthen the deep troll.
The deep troll seems to grow stronger.
You feel much better. You block the deep troll's attack.
The deep troll claws you!! x2
* * * LOW HITPOINT WARNING * * *
The deep troll bites you!!
* * * LOW HITPOINT WARNING * * *
The deep troll claws you.
* * * LOW HITPOINT WARNING * * *
You block the deep troll's attack.
The deep troll shaman calls upon its god to speed up something.
You hear a shout!
The ice dragon roars deafeningly!
You hear a shout!
You feel much better. You block the deep troll's attack.
The deep troll claws you!!
* * * LOW HITPOINT WARNING * * *
You block the deep troll's attack.
You feel much better.
For a moment, you lose track of Vevoth Taqom's ghost.
The deep troll bites you!!!
You die...

, ,, ......... , *,
###...###.#* .........
,, , ##.##....#.# * ,
#..J.... ∩.
##...##.....# *#≈#J...#
...* #.....#.....# .
#≈)....[
...#####.....##....###..
#≈JJJJ..
........................
#≈...J..
........................
#≈#.G).#
##.......T.T.T@...#*
#≈.[$=..
#................#
,#≈......
#.....###........#
#≈...... #.(..##
#####....# *,#≈#....#
#....# 1Z4. ###..#
#≈...... #..T##...D..,,
#..# * #≈......
####...#...###.. #.#
#≈...... ......T#..W ,
*,, ..,, * * , *
.......# , , ,, ,,


You could see an Ice Fiend, an iron troll (fast), a deep troll (strong), a deep
troll shaman and a juggernaut simulacrum.

Vanquished Creatures
  Vashnia (Snake:4)
  A golden dragon (Depths:2)
  the Enchantress (Depths:2)
  A deep elf blademaster (Depths:3)
  Jorgrun (Snake:1)
  3 acid blobs (Depths:4)
  Frances (D:14)
  3 tengu reavers (Depths:3)
  3 azure jellies (Depths:4)
  3 sphinxes
  A thorn hunter (Swamp:4)
  3 nagarajas
  4 fire giants
  10 frost giants
  A draconian stormcaller (Depths:5)
  11 very ugly things
  3 spriggan defenders (Depths:2)
  A vampire knight (Depths:2)
  6 stone giants
  3 green draconians (Depths:5)
  A black draconian (Depths:5)
  Nessos (D:15)
  A deep elf annihilator (Depths:3)
  7 ettins
  4 spark wasps
  A deep elf high priest (Depths:5)
  A fire dragon (shapeshifter) (Depths:5)
  2 yaktaur captains
  4 fire dragons
  2 jiangshi (Depths:2)
  Erolcha (D:11)
  3 vault guards (D:13)
  12 hydras (Swamp:4)
  6 ice dragons
  11 naga warriors
  Fannar (D:11)
  6 spriggan air magi
  6 rakshasas
  2 shambling mangroves (Swamp:4)
  3 centaur warriors
  Erica (Lair:2)
  5 alligators
  13 two-headed ogres
  4 ogre magi
  5 spriggan berserkers
  5 tengu warriors
  2 vampire magi (Depths:2)
  6 anacondas
  7 deep troll shamans
  15 naga sharpshooters
  A dancing weapon (Depths:3)
  2 shock serpents
  An orc high priest (Orc:2)
  A hell knight (Depths:2)
  8 deep troll earth magi
  2 salamander mystics (Snake:3)
  7 spriggans
  6 skeletal warriors
  11 swamp dragons (Swamp:4)
  A spriggan druid (Swamp:4)
  6 sea snakes (Snake:4)
  20 deep trolls
  A flayed ghost (Depths:2)
  A naga ritualist (Snake:2)
  4 glowing orange brains
  5 unseen horrors
  A phantasmal warrior (D:15)
  3 wizards
  2 lindwurms (Swamp:4)
  A necromancer (Depths:2)
  3 orc knights
  A deep elf mage (D:15)
  A mana viper (Snake:2)
  A wolf spider zombie (D:15)
  4 cyclopes
  5 orc sorcerers
  17 ugly things
  4 manticores
  Maurice (D:11)
  8 salamanders
  9 guardian serpents
  16 black mambas
  13 naga magi
  4 cane toads
  A rime drake (Lair:2)
  8 yaktaurs
  3 tengu conjurers
  A polar bear (Lair:2)
  A wind drake (shapeshifter) (D:15)
  A queen bee (shapeshifter) (D:15)
  6 trolls
  13 hornets
  16 slime creatures
  3 meliai (D:14)
  3 bog bodies
  4 blink frogs (Lair:2)
  A meliai zombie (D:13)
  7 tyrant leeches
  7 hippogriffs
  A vampire (D:14)
  6 shadows
  4 water elementals
  A redback (shapeshifter) (D:15)
  A yak (shapeshifter) (D:15)
  Sigmund (D:5)
  15 yaks
  8 humans (D:13)
  8 wyverns
  Eustachio (D:4)
  A steam dragon (D:14)
  A steam dragon (shapeshifter) (Depths:4)
  5 wargs
  18 vampire mosquitoes
  3 soldier ants
  5 water moccasins
  5 swamp worms
  2 acid dragons (D:13)
  36 nagas
  A floating eye (Depths:5)
  Duvessa (D:4)
  5 porcupines
  3 sky beasts
  A porcupine (shapeshifter) (D:12)
  7 swamp drakes (Swamp:4)
  22 orc warriors
  A black bear (D:8)
  5 ice beasts
  An eye of draining (D:10)
  A boggart (D:12)
  22 ogres
  4 phantoms
  17 wolves (Lair:2)
  7 centaurs
  4 crocodiles
  2 big kobolds
  A gnoll sergeant (D:8)
  10 bullfrogs
  Dowan (D:4)
  4 scorpions
  3 troll zombies (D:10)
  21 killer bees
  8 wights
  11 electric eels
  A howler monkey (D:9)
  A centaur zombie (D:7)
  7 hounds
  A quasit (D:10)
  A bullfrog zombie (D:10)
  5 centaur skeletons
  5 jellies
  32 orc wizards
  Crazy Yiuf (D:4)
  16 orc priests
  A bullfrog skeleton (D:6)
  2 iguanas
  Natasha (thrice) (D:4)
  Ijyb (D:5)
  10 worker ants
  A killer bee zombie (D:8)
  A bullfrog simulacrum (D:12)
  5 ogre zombies (D:10)
  A hound zombie (D:7)
  3 hound skeletons
  9 adders
  7 gnolls
  A howler monkey skeleton (D:8)
  A white imp (D:9)
  3 ufetubi
  8 oozes
  An adder zombie (D:8)
  An adder skeleton (D:8)
  4 worms
  A worm (shapeshifter) (Depths:2)
  A dart slug (D:1)
  5 leopard geckos
  67 orcs
  9 giant cockroaches
  4 goblins
  3 hobgoblins
  10 jackals
  3 quokkas
  3 ball pythons
  5 bats
  8 frilled lizards
  2 goblin skeletons (D:10)
  3 goblin zombies (D:10)
  A hobgoblin skeleton (D:10)
  5 hobgoblin zombies (D:10)
  12 kobolds
  2 orc skeletons (D:10)
  12 orc zombies (D:10)
  A quokka skeleton (D:5)
  9 rats
1029 creatures vanquished.

Vanquished Creatures (collateral kills)
  2 nagarajas (Snake:4)
  A hydra (D:14)
  A naga warrior (Snake:4)
  2 anacondas (Snake:4)
  A shock serpent (Snake:4)
  A naga sharpshooter (Snake:4)
  3 sea snakes (Snake:4)
  An orc sorcerer (Orc:2)
  A guardian serpent (Snake:4)
  A black mamba (Snake:4)
  A queen bee (D:14)
  5 nagas (Snake:4)
  2 orc warriors (Orc:2)
  A scorpion (D:8)
  3 killer bees (D:14)
  An electric eel (D:11)
  An orc priest (D:11)
  An orc wizard (Orc:2)
  2 orcs
31 creatures vanquished.

Vanquished Creatures (others)
  A lindwurm (Swamp:4)
  A human (D:13)
  An orc priest (Orc:2)
  19 fungi
  16 plants
38 creatures vanquished.

Grand Total: 1098 creatures vanquished

Notes
Turn   | Place    | Note
-------+----------+-------------------------------------------
     0 | D:1      | EnegeticOcto the Deep Dwarf Fighter began the quest for the
                  | Orb.
     0 | D:1      | Reached XP level 1. HP: 20/20 MP: 1/1
   215 | D:3      | Noticed a jelly
   220 | D:3      | Killed a jelly
   220 | D:3      | Reached XP level 2. HP: 22/28 MP: 2/2
   220 | D:3      | Reached XP level 3. HP: 27/34 MP: 3/3
   372 | D:3      | Reached XP level 4. HP: 39/42 MP: 4/4
   383 | D:3      | Found an iron altar of Okawaru.
   558 | D:3      | Found a sacrificial altar of Ru.
   568 | D:3      | Found a glowing golden altar of the Shining One.
   573 | D:3      | Found a radiant altar of Vehumet.
   850 | D:4      | Noticed Natasha
   856 | D:4      | Killed Natasha
   856 | D:4      | Reached XP level 5. HP: 33/49 MP: 5/5
   866 | D:4      | Noticed Dowan
   866 | D:4      | Noticed Duvessa
   886 | D:4      | Killed Duvessa
   886 | D:4      | Reached XP level 6. HP: 34/56 MP: 6/6
   888 | D:4      | Noticed Natasha
   903 | D:4      | Killed Natasha
   913 | D:4      | Killed Dowan
   913 | D:4      | Reached skill level 5 in Axes
   938 | D:4      | Noticed Natasha
   945 | D:4      | Killed Natasha
   955 | D:5      | Entered Level 5 of the Dungeon
  1043 | D:5      | Noticed Ijyb
  1060 | D:5      | Killed Ijyb
  1122 | D:5      | Noticed Sigmund
  1134 | D:5      | Killed Sigmund
  1134 | D:5      | Reached skill level 5 in Armour
  1134 | D:5      | Reached skill level 5 in Shields
  1134 | D:5      | Reached XP level 7. HP: 36/64 MP: 7/7
  1483 | D:6      | Reached XP level 8. HP: 39/73 MP: 7/7
  1770 | D:6      | Reached skill level 5 in Fighting
  2282 | D:7      | Found a staircase to the Ecumenical Temple.
  2360 | D:7      | Found Ufeonnom's Assorted Antiques.
  2379 | D:7      | Found Etzemez's Antique Armour Shop.
  2393 | D:7      | Bought a polished helmet for 180 gold pieces
  2398 | D:7      | Identified the +1 helmet of the Doldrums {Harm +Blink Str+2
                  | Dex+4} (You bought it in a shop on level 7 of the Dungeon)
  2424 | Temple   | Entered the Ecumenical Temple
  2551 | Temple   | Became a worshipper of Makhleb the Destroyer
  2619 | D:7      | Found Qahaelis's Assorted Antiques.
  2647 | D:7      | Got a scorched helmet
  2657 | D:7      | Identified the +1 helmet of the Cockroach {Rampage} (You
                  | found it on level 7 of the Dungeon)
  2766 | D:7      | Found a snail-covered altar of Cheibriados.
  2825 | D:8      | Reached skill level 1 in Invocations
  2839 | D:8      | Gained mutation: You passively map the area around you.
                  | [Deep Dwarf growth]
  2839 | D:8      | Reached XP level 9. HP: 49/81 MP: 8/8
  2885 | D:8      | Reached skill level 1 in Dodging
  2897 | D:8      | Found Udduposi's Assorted Antiques.
  2903 | D:8      | Bought a scroll labeled YCOQAO SADWILA for 26 gold pieces
  2903 | D:8      | Bought a scroll labeled YXILLOT NOEKY for 26 gold pieces
  2922 | D:8      | Noticed a two-headed ogre
  2938 | D:8      | Killed a two-headed ogre
  2938 | D:8      | Reached skill level 2 in Invocations
  2963 | D:8      | Found a staircase to the Lair.
  2975 | D:8      | Reached skill level 3 in Invocations
  3189 | D:4      | Noticed Eustachio
  3193 | D:4      | Killed Eustachio
  3247 | D:4      | Reached * piety under Makhleb
  3404 | D:4      | Found a runed translucent door.
  3405 | D:4      | Noticed Crazy Yiuf
  3607 | D:4      | Killed Crazy Yiuf
  4837 | D:1      | Reached ** piety under Makhleb
  5480 | D:8      | Reached skill level 4 in Invocations
  5824 | D:9      | Reached XP level 10. HP: 78/91 MP: 12/12
  5983 | D:9      | Found a blossoming altar of Fedhas.
  5983 | D:9      | Found a white marble altar of Elyvilon.
  6026 | D:9      | Found a shimmering blue altar of Sif Muna.
  6032 | D:9      | Found an opulent altar of Gozag.
  6032 | D:9      | Found a sparkling altar of Nemelex Xobeh.
  6051 | D:9      | Found a shadowy altar of Dithmenos.
  6059 | D:9      | Found a hazy altar of Hepliaklqana.
  6126 | D:9      | Reached skill level 10 in Axes
  6203 | D:9      | Found a stormy altar of Qazlal.
  6411 | D:7      | Bought a glowing broad axe for 245 gold pieces
  6533 | D:10     | Entered Level 10 of the Dungeon
  6533 | D:10     | Noticed a two-headed ogre
  6535 | D:10     | Killed a two-headed ogre
  6535 | D:10     | Reached skill level 5 in Invocations
  6557 | D:10     | Reached *** piety under Makhleb
  6569 | D:10     | Found a staircase to the Orcish Mines.
  6591 | Orc:1    | Entered Level 1 of the Orcish Mines
  6591 | Orc:1    | Noticed an orc knight
  6609 | Orc:1    | Killed an orc knight
  6847 | D:8      | Bought a smoking amber ring for 130 gold pieces
  6847 | D:8      | Identified the ring of the Burgomaster {+Blink rF+ rC+ MP+9
                  | Dex-5} (You bought it in a shop on level 8 of the Dungeon)
  6955 | D:10     | Noticed a two-headed ogre
  6963 | D:10     | Killed a two-headed ogre
  6963 | D:10     | Reached skill level 6 in Invocations
  7052 | D:10     | Reached **** piety under Makhleb
  7101 | D:10     | Reached XP level 11. HP: 99/99 MP: 11/11
  7697 | D:11     | Noticed Fannar
  7737 | D:11     | Killed Fannar
  7737 | D:11     | Reached skill level 7 in Invocations
  7955 | D:11     | Noticed Erolcha
  7962 | D:11     | Killed Erolcha
  8005 | D:11     | Killed an unseen horror
  8026 | D:11     | Noticed Maurice
  8090 | D:11     | Noticed a two-headed ogre
  8107 | D:11     | Killed a two-headed ogre
  8109 | D:11     | Killed Maurice
  8240 | D:7      | Bought a runed cloak for 142 gold pieces
  8421 | D:12     | Reached skill level 8 in Invocations
  8502 | D:12     | Found Geyt's Assorted Antiques.
  8591 | D:12     | Reached XP level 12. HP: 110/110 MP: 9/9
  8698 | D:12     | Reached ***** piety under Makhleb
  8979 | D:12     | Found Yphapligh's General Store.
  9257 | D:12     | Found a runed translucent door.
  9260 | D:12     | Found a runed translucent door.
  9333 | D:12     | Reached skill level 1 in Evocations
  9382 | D:12     | Reached skill level 10 in Armour
  9392 | D:12     | Noticed an ogre mage
  9400 | D:12     | Reached skill level 9 in Invocations
  9415 | D:12     | Reached skill level 10 in Shields
  9421 | D:12     | Killed an ogre mage
  9462 | D:12     | Got a glittering ivory ring
  9477 | D:12     | Identified the ring "Xumosihu" {rPois MP+9 Int+2 Dex-2
                  | SInv} (You found it on level 12 of the Dungeon)
  9657 | D:13     | Found Qili's Weapon Emporium.
  9817 | D:13     | Noticed a vault guard
  9817 | D:13     | Noticed a vault guard
  9821 | D:13     | Noticed a vault guard
  9824 | D:13     | Killed a vault guard
  9846 | D:13     | Killed a vault guard
  9853 | D:13     | Killed a vault guard
  9853 | D:13     | Reached XP level 13. HP: 118/118 MP: 11/11
  9862 | D:13     | Found a gate to the Vaults.
 10408 | D:13     | Reached skill level 10 in Invocations
 10705 | D:13     | Reached skill level 5 in Evocations
 10911 | Orc:2    | Entered Level 2 of the Orcish Mines
 10938 | Orc:2    | Found a staircase to the Elven Halls.
 10982 | Orc:2    | Noticed a stone giant
 10998 | Orc:2    | Killed a stone giant
 11030 | Orc:2    | Reached ****** piety under Makhleb
 11216 | Orc:2    | Found Qazausut's Book Boutique.
 11216 | Orc:2    | Found Aricywno's Jewellery Shop.
 11216 | Orc:2    | Found Holaugh's Antique Armour Shop.
 11219 | Orc:2    | Found Zepank's Armour Boutique.
 11979 | D:14     | Noticed Frances
 12000 | D:14     | Killed Frances
 12051 | D:14     | Found a flagged portal.
 12347 | D:14     | Reached skill level 11 in Invocations
 12371 | D:14     | Gained mutation: You resist negative energy. (rN+) [Deep
                  | Dwarf growth]
 12371 | D:14     | Reached XP level 14. HP: 129/129 MP: 9/9
 12518 | D:15     | Entered Level 15 of the Dungeon
 12567 | D:15     | Reached skill level 15 in Axes
 12864 | D:15     | Got a sparkling graven amulet
 12865 | D:15     | Identified the amulet "Sohas" {RegenMP MR+ Str+2 Dex+6}
                  | (You found it on level 15 of the Dungeon)
 12912 | D:15     | Noticed Nessos
 12921 | D:15     | Killed Nessos
 13082 | D:15     | Paralysed by a floating eye for 3 turns
 13088 | D:15     | Reached skill level 10 in Fighting
 13097 | D:15     | Found a staircase to the Depths.
 13601 | Lair:1   | Entered Level 1 of the Lair of Beasts
 13854 | Lair:2   | Noticed Erica
 13862 | Lair:2   | Killed Erica
 14080 | Lair:2   | Reached skill level 12 in Invocations
 14376 | Lair:2   | Found a staircase to the Swamp.
 14714 | D:13     | Bought the +8 mithril axe "Arga" {speed, MR+} for 775 gold
                  | pieces
 14714 | D:13     | Found the +8 mithril axe "Arga" {speed, MR+}
 14900 | Lair:3   | Found a staircase to the Snake Pit.
 14912 | Snake:1  | Entered Level 1 of the Snake Pit
 15015 | Snake:1  | Identified the +1 robe of Shielding {rElec Int-4 Slay+3}
 15037 | Snake:1  | Noticed Jorgrun
 15049 | Snake:1  | Killed Jorgrun
 15049 | Snake:1  | Reached XP level 15. HP: 125/137 MP: 9/9
 15256 | Snake:3  | Found Vaploll's Magic Scroll Emporium.
 15335 | Snake:3  | Bought a scroll of magic mapping for 42 gold pieces
 15335 | Snake:3  | Bought a scroll of enchant armour for 90 gold pieces
 15374 | Snake:3  | Noticed a nagaraja
 15383 | Snake:3  | Killed a nagaraja
 15506 | Snake:4  | Entered Level 4 of the Snake Pit
 15518 | Snake:4  | Reached skill level 10 in Evocations
 15612 | Snake:4  | Reached skill level 13 in Invocations
 15678 | Snake:4  | Noticed a nagaraja
 15693 | Snake:4  | Killed a nagaraja
 15710 | Snake:4  | Reached XP level 16. HP: 149/149 MP: 11/11
 15797 | Snake:4  | Noticed Vashnia
 15823 | Snake:4  | Killed Vashnia
 15868 | Snake:4  | Got a serpentine rune of Zot
 16072 | Swamp:1  | Entered Level 1 of the Swamp
 16172 | Swamp:2  | Reached skill level 14 in Invocations
 16216 | Swamp:4  | Entered Level 4 of the Swamp
 16248 | Swamp:4  | Noticed a thorn hunter
 16275 | Swamp:4  | Killed a thorn hunter
 16331 | Swamp:4  | Reached XP level 17. HP: 159/159 MP: 12/12
 16387 | Swamp:4  | Got a decaying rune of Zot
 16813 | Depths:1 | Entered Level 1 of the Depths
 16814 | Depths:1 | Found a gateway to a ziggurat.
 16827 | Depths:1 | Reached skill level 15 in Invocations
 16891 | Depths:2 | Noticed the Enchantress
 16931 | Depths:2 | Killed the Enchantress
 17075 | Depths:2 | Noticed a golden dragon
 17088 | Depths:2 | Killed a golden dragon
 17159 | Depths:2 | Reached skill level 16 in Invocations
 17220 | Depths:2 | Reached skill level 15 in Armour
 17225 | Depths:2 | Reached skill level 15 in Shields
 17320 | Depths:2 | Gained mutation: You passively map a large area around you.
                  | [Deep Dwarf growth]
 17320 | Depths:2 | Reached XP level 18. HP: 171/171 MP: 14/14
 17633 | Depths:3 | Reached skill level 17 in Invocations
 17686 | Depths:3 | Found a gateway to Hell.
 17832 | Depths:5 | Entered Level 5 of the Depths
 17877 | Depths:5 | Reached skill level 18 in Invocations
 18072 | Depths:5 | Found a gate to the Realm of Zot.
 18085 | Depths:5 | Reached XP level 19. HP: 182/182 MP: 16/16
 18551 | Depths:4 | Reached skill level 19 in Invocations
 18564 | Depths:4 | Noticed Vevoth Taqom's ghost (adept SpEn)
 18585 | Depths:4 | HP: 6/184 [deep troll (20)]
 18586 | Depths:4 | Mangled by a deep troll

Illustrated notes

Levels and vault maps discovered:
D:1:      matt_arrival_spirals, layout_basic
D:2:      layout_basic
D:3:      layout_loops_ring, old_standard_altar, minitemple
D:4:      minmay_spotlight, layout_rooms, lemuel_statue_altar, uniq_natasha,
          uniq_crazy_yiuf_cottage, uniq_eustachio, uniq_duvessa
D:5:      layout_cave_pools, uniq_ijyb, uniq_sigmund
D:6:      layout_basic
D:7:      layout_rooms, kennysheep_mini, minmay_temple_entry_butterflies,
          serial_shops, nicolae_shop_statue_plus, shop_statue, shop
D:8:      layout_basic, grunt_lair_entry_orc_guard_hut, serial_shops, shop
D:9:      layout_loops_ring, riverfiend_overflow_shadow_ancestor,
          overflow_temple_1_default, gammafunk_temple_overflow_statue,
          chequers_temple_overflow_statue_of_worship
D:10:     layout_irregular_city, zombieorc2_lemuel, st_stairs_1
D:11:     layout_basic, uniq_maurice, uniq_erolcha, uniq_fannar
D:12:     minmay_the_grid_triangle_9x9_rhombus_full
          [minmay_the_grid_triangle_9x9_tough_junction,
          minmay_the_grid_triangle_9x9_flanged_cone,
          minmay_the_grid_triangle_9x9_dagger,
          minmay_the_grid_triangle_9x9_corrupted_corridor,
          minmay_the_grid_triangle_9x9_zippers_vertical,
          minmay_the_grid_triangle_9x9_warning,
          minmay_the_grid_triangle_9x9_from_above,
          minmay_the_grid_triangle_9x9_prize_schism], layout_basic,
          serial_shops, shop, shop
D:13:     layout_stronghold, ximxim_vaults_locker_room, serial_shops, shop,
          hangedman_pestilent_swarm
D:14:     layout_rooms, enter_bailey_2, minivault_7, uniq_frances
D:15:     gammafunk_enter_depths_forms, layout_cave_pods, minivault_25_ag,
          minmay_diamond_spiral, uniq_nessos
Temple:   nicolae_temple_figure_zero
Lair:1:   layout_long_grid
Lair:2:   layout_gridlike, minmay_swamp_entry_swarm, serial_bayou,
          serial_bayou_shore_b, serial_bayou_shore_b, serial_bayou_pond_b,
          serial_bayou_pond_d, grunt_forest_large_clearings, uniq_erica
Lair:3:   layout_cave_pods, guppyfry_snake_entry_garden,
          eino_small_chamber_without_monster
Swamp:1:  layout_basic_swamp, evilmike_swamp_ruin_rubble_1,
          nicolae_swamp_fairy_circle, swamp_pool3, uniq_kirke, uniq_nikola
Swamp:2:  layout_basic_swamp, nicolae_swamp_dense_foliage
Swamp:3:  layout_falls_marsh, evilmike_swamp_ruin_house_3, swamp_pool1
Swamp:4:  swamp_alternative, layout_basic_swamp
Snake:1:  layout_gridlike, uniq_jorgrun, uniq_aizul, uniq_rupert
Snake:2:  cheibrodos_snake_ritualist_ritual, layout_honeycomb,
          portal_ice_cave_entry_pillars_1, serial_shops, shop
Snake:3:  layout_rooms, serial_shops, shop, shop, shop, shop
Snake:4:  grunt_snake_rune_pools, layout_cave_town, lightli_airlock,
          uniq_vashnia
Orc:1:    layout_caves
Orc:2:    st_orc_mages, layout_caves
Depths:1: layout_gridlike, enter_ziggurat_a, pf_coc_iceberg,
          kennysheep_just_a_vault
Depths:2: minmay_quarter_circles, layout_gridlike, abyss_entry, serial_sigils,
          serial_sigils_hangedman_snap, serial_sigils_hangedman_shear,
          serial_sigils_hangedman_snap, serial_sigils_hangedman_gut,
          lightli_too_deep, minmay_misc_feat_rugged, grunt_ministairs_1,
          uniq_enchantress
Depths:3: hangedman_crystal_crosses_colossus [crystal_crosses_arms_four,
          crystal_crosses_arms_four, crystal_crosses_arms_two,
          crystal_crosses_arms_one], hell_entry, pan_entry, uniq_sojobo,
          uniq_bai_suzhen
Depths:4: minmay_connected_boxes_in_corner, layout_small_grid,
          gammafunk_ghost_icy, minmay_staircase_bubble, abyss_entry,
          special_room [special_room_jelly], hell_entry,
          kennysheep_random_hallway
Depths:5: evilmike_zot_entry_argh, layout_long_grid, abyss_entry_flame_altar,
          hell_entry, serial_co_window_serial, co_window_paths_b,
          co_window_paths_b, co_window_of_opportunity_a, co_window_paths_b,
          co_window_of_opportunity_a, co_window_of_opportunity_a,
          co_window_corner_a, co_window_broadway_a, co_window_corner_b,
          co_window_corner_ca, co_window_corner_cb, co_window_2corner,
          glass_columns_b, glass_columns_b

Skill      XL: |  1  2  3  4  5  6  7  8  9 10 11 12 13 14 15 16 17 18 19 |
---------------+----------------------------------------------------------+-----
Fighting       | 3 4 5 6 7 8 9 10 11 13 14 | 14.8
Axes           | 3 4 5 6 8 9 11 12 13 14 16 17 18 | 18.0
Armour         | 4 5 6 7 8 9 10 11 12 13 15 16 17 | 17.3
Shields        | 4 5 6 7 8 9 10 11 12 13 15 | 15.0
Invocations    | 1 4 6 8 9 11 12 13 14 16 18 19 | 19.0
Dodging        | 3 4 |  4.7
Evocations     | 4 6 9 10 | 10.0

Action                   |  1- 3 |  4- 6 |  7- 9 | 10-12 | 13-15 | 16-18 | 19-21 || total
-------------------------+-------+-------+-------+-------+-------+-------+-------++-------
Melee: War axe           |    15 |       |   202 |    35 |       |       |       ||   252
       Hand axe          |    12 |   151 |   182 |       |       |       |       ||   345
       Broad axe         |       |       |       |   590 |  1070 |   897 |   231 ||  2788
Invok: Lesser Servant of |       |       |       |     6 |     8 |     2 |       ||    16
       Greater Servant o |       |       |       |       |     1 |     2 |       ||     3
 Abil: Heal Wounds       |     1 |     7 |    13 |    29 |     8 |     4 |     5 ||    67
Evoke: Wand              |       |       |       |     2 |     1 |       |       ||     3
       Tin of tremorston |       |       |       |     3 |     5 |     7 |       ||    15
  Use: Scroll            |       |     9 |     9 |     8 |    10 |     4 |     1 ||    41
       Potion            |       |       |       |       |     1 |     2 |       ||     3
 Stab: Distracted        |       |       |       |     1 |     3 |     1 |       ||     5
       Confused          |       |       |       |       |       |     3 |       ||     3
Armor: Scale mail        |     8 |    69 |       |       |       |       |       ||    77
       Plate armour      |       |     2 |   147 |   350 |   485 |   322 |       ||  1306
       Gold dragon scale |       |       |       |       |       |   171 |   102 ||   273
Dodge: Dodged            |     5 |    56 |    56 |   157 |   234 |   215 |    32 ||   755
Block: Kite shield       |    13 |    93 |   187 |   386 |   943 |   632 |   126 ||  2380
       Reflection        |       |       |       |     3 |    77 |    35 |     6 ||   121

Table legend: (Time is in decaauts)
 A = Elapsed time spent in this place.
 B = Non-inter-level travel time spent in this place.
 C = Inter-level travel time spent in this place.
 D = Time resting spent in this place.
 E = Time spent auto-exploring this place.
 F = Levels seen in this place.
 G = Mean time per level.
                   A        B        C        D        E       F      G
               +--------+--------+--------+--------+--------+-----+--------+
         Total |  17982 |  15161 |   2821 |      6 |  10484 |  34 |  528.9 |
       Dungeon |  12849 |  10711 |   2138 |      3 |   7875 |  15 |  856.6 |
        Temple |    140 |    109 |     31 |      0 |    107 |   1 |  140.0 |
          Lair |   1224 |   1015 |    209 |      0 |    821 |   3 |  408.0 |
         Swamp |    396 |    312 |     84 |      3 |     36 |   4 |   99.0 |
     Snake Pit |    901 |    681 |    220 |      0 |    223 |   4 |  225.2 |
  Orcish Mines |   1142 |   1047 |     95 |      0 |    769 |   2 |  571.0 |
        Depths |   1327 |   1284 |     43 |      0 |    652 |   5 |  265.4 |
               +--------+--------+--------+--------+--------+-----+--------+

Top non-repeatable levels by time:
    D:13: 1312 daAuts
    D:12: 1274 daAuts
     D:8: 1175 daAuts
    D:15: 989 daAuts
  Lair:2: 980 daAuts
    D:11: 966 daAuts
     D:9: 941 daAuts
     D:6: 833 daAuts
    D:10: 808 daAuts
     D:3: 785 daAuts
     D:2: 755 daAuts
     D:4: 729 daAuts
   Orc:2: 715 daAuts
     D:7: 616 daAuts
     D:1: 594 daAuts
